 Dungeon Crawl Stone Soup version 0.22-a0-247-gbddf880 (webtiles) character file.

5138 xccam the Slicer (level 10, -3/73 HPs)
             Began as a Purple Draconian Gladiator on Feb 23, 2018.
             Was a Believer of Ru.
             Slain by an unseen horror (6 damage)
             ... on level 9 of the Dungeon.
             The game lasted 00:23:56 (9088 turns).

xccam the Slicer (Purple Draconian Gladiator)       Turns: 9088, Time: 00:23:57

Health: -3/73      AC:  8    Str: 24    XL:     10   Next: 33%
Magic:  10/10      EV: 18    Int:  9    God:    Ru [**....]
Gold:   554        SH:  0    Dex: 20    Spells: 9/9 levels left

rFire    . . .     SeeInvis .   a - +1 rapier
rCold    . . .     Gourm    .   (no shield)
rNeg     . . .     Faith    .   (armour unavailable)
rPois    .         Spirit   .   b - +1 hat
rElec    .         Reflect  .   (no cloak)
rCorr    .         Harm     .   (no gloves)
MR       +....                  (no boots)
Stlth    ++++......             (no amulet)
HPRegen  0.22/turn              u - +3 ring of strength
MPRegen  0.12/turn              A - +4 ring of dexterity

@: mighty, short of breath
A: breathe power, unfitting armour, cold-blooded, inability to use devices, AC
+7
a: Breathe Dispelling Energy, Renounce Religion


You were on level 9 of the Dungeon.
You worshipped Ru.
Ru was pleased with you.
You were not hungry.

You visited 2 branches of the dungeon, and saw 10 of its levels.

You collected 554 gold pieces.

Inventory:

Hand Weapons
 a - a +1 rapier (weapon)
 k - a +0 dagger of draining
 o - a +2 falchion of freezing
Missiles
 c - 3 throwing nets (quivered)
Armour
 b - a +1 hat (worn)
Jewellery
 u - a +3 ring of strength (left hand)
 v - an uncursed ring of resist corrosion
 A - a +4 ring of dexterity (right hand)
Scrolls
 e - 3 scrolls of teleportation
 f - 5 scrolls of identify
 g - 2 scrolls of amnesia
 l - a scroll of blinking
 t - 2 scrolls of remove curse
 z - a scroll of enchant armour
Potions
 h - a potion of resistance
 j - a potion of cancellation
 n - a potion of curing
 p - 2 potions of lignification
 q - 3 potions of brilliance
Comestibles
 d - 17 rations


   Skills:
 - Level 2.1 Fighting
 + Level 9.7 Short Blades
 - Level 1.7 Throwing
 * Level 8.0 Dodging
 + Level 9.1 Stealth


You had 9 spell levels left.
You didn't know any spells.

Dungeon Overview and Level Annotations

Branches:
Dungeon (9/15)             Temple (1/1) D:6
   Lair: D:8-11         Orc: D:9-12

Altars:
Elyvilon
Kikubaaqudgha
Makhleb
Nemelex Xobeh
Ru
Trog
Xom
Zin

Shops:
D:6 *


Innate Abilities, Weirdness & Mutations

You can breathe bolts of dispelling energy.
Your rich purple scales are hard. (AC +7)
You cannot fit into any form of body armour.
You are cold-blooded and may be slowed by cold attacks.
You cannot study or use magical devices.


Message History

* * * LOW HITPOINT WARNING * * *
Something hits you.
* * * LOW HITPOINT WARNING * * *
Something hits you but does no damage.
You feel better. Something hits you but does no damage. Something hits you!
* * * LOW HITPOINT WARNING * * *
Something hits you!
* * * LOW HITPOINT WARNING * * *
You see here a ration.
You feel better. Something hits you but does no damage. Something hits you!
* * * LOW HITPOINT WARNING * * *
You feel very mighty all of a sudden.
You redirect something's attack!
Something hits you but does no damage.
You puncture something! You tail-slap something. Something barely misses you.
Something hits you!
* * * LOW HITPOINT WARNING * * *
You hit something.
Your tail-slap misses something.
Something hits you.
You die...

....
####.......#######.###.
#..#
#..#.)###..#.$#..#รท....
.....
#......#......#.....###
#..###..#..# #..###....# #
#.......#######.........#
#....(..#.$#..#.......###
#.....###.....#......#####
##... #.....###...### ....
#..#..@%)....# ...
####...{.....# ..
#......%).# # ...........#
#...........#
............##
###..........#
##.........# .......##


There were no monsters in sight!

Vanquished Creatures
  A centaur warrior (D:9)
  A deep elf mage (D:9)
  A hippogriff (D:9)
  4 hogs
  A wyvern (D:8)
  A human (D:7)
  2 hungry ghosts
  Duvessa (D:6)
  An orc warrior (D:7)
  5 ogres
  2 centaurs
  A phantom (D:6)
  A big kobold (D:6)
  7 bullfrogs
  Dowan (D:6)
  3 scorpions
  A howler monkey (D:9)
  2 crimson imps (D:8)
  A bullfrog zombie (D:6)
  2 orc priests (D:5)
  2 hounds
  4 jellies
  A centaur skeleton (D:4)
  4 orc wizards
  2 iguanas
  Ijyb (D:2)
  8 worker ants
  Natasha (thrice) (D:3)
  2 hound skeletons
  2 gnolls (D:8)
  14 adders
  An ooze (D:6)
  3 worms
  7 leopard geckos
  22 orcs
  5 giant cockroaches
  18 goblins
  6 hobgoblins
  3 jackals (D:8)
  5 quokkas
  A ball python (D:2)
  8 bats
  10 frilled lizards
  A jackal zombie (D:9)
  27 kobolds
  A leopard gecko skeleton (D:6)
  A quokka skeleton (D:2)
  12 rats
213 creatures vanquished.

Vanquished Creatures (others)
  A bullfrog (D:9)
  An orc (D:7)
  A giant cockroach (D:8)
  2 plants (D:6)
5 creatures vanquished.

Grand Total: 218 creatures vanquished

Notes
Turn   | Place    | Note
-------+----------+-------------------------------------------
     0 | D:1      | xccam the Draconian Gladiator began the quest for the Orb.
     0 | D:1      | Reached XP level 1. HP: 17/17 MP: 1/1
    87 | D:1      | Reached skill level 1 in Stealth
    95 | D:1      | Reached XP level 2. HP: 19/24 MP: 2/2
   675 | D:2      | Found a white marble altar of Elyvilon.
   722 | D:2      | Reached XP level 3. HP: 15/29 MP: 3/3
  1136 | D:2      | Reached XP level 4. HP: 23/36 MP: 4/4
  1210 | D:2      | Noticed Ijyb
  1275 | D:2      | Killed Ijyb
  1452 | D:3      | Noticed Natasha
  1565 | D:3      | Killed Natasha
  1565 | D:3      | Reached XP level 5. HP: 18/41 MP: 5/5
  2167 | D:3      | Noticed Natasha
  2175 | D:3      | Killed Natasha
  2175 | D:3      | Reached skill level 5 in Short Blades
  2226 | D:3      | Noticed Natasha
  2232 | D:3      | Killed Natasha
  2252 | D:3      | Reached XP level 6. HP: 44/48 MP: 6/6
  3131 | D:4      | Reached skill level 5 in Stealth
  3131 | D:4      | Your scales start taking on a rich purple colour.
  3131 | D:4      | Reached XP level 7. HP: 55/55 MP: 7/7
  3465 | D:5      | Entered Level 5 of the Dungeon
  4538 | D:6      | Noticed Duvessa
  4539 | D:6      | Noticed Dowan
  4731 | D:6      | Found a staircase to the Ecumenical Temple.
  4758 | Temple   | Entered the Ecumenical Temple
  4763 | Temple   | Became a worshipper of Ru the Awakened
  4869 | D:6      | Reached XP level 8. HP: 52/61 MP: 8/8
  4998 | D:6      | Found Tese's Assorted Antiques.
  5650 | D:6      | Killed Duvessa
  5664 | D:6      | Killed Dowan
  6122 | D:7      | Gained mutation: You cannot study or use magical devices. [Ru sacrifice]
  6122 | D:7      | Reached * piety under Ru
  6122 | D:7      | Reached ** piety under Ru
  6221 | D:6      | Reached XP level 9. HP: 45/67 MP: 9/9
  6311 | D:7      | Reached skill level 5 in Dodging
  8397 | D:9      | Noticed a two-headed ogre
  8754 | D:9      | Reached XP level 10. HP: 73/73 MP: 10/10
  8792 | D:9      | Noticed a deep elf mage
  8794 | D:9      | Killed a deep elf mage
  8813 | D:9      | Noticed a centaur warrior
  9070 | D:9      | Killed a centaur warrior
  9087 | D:9      | HP: 3/73 [something (8)]
  9088 | D:9      | Slain by an unseen horror

Vault maps used:
D:1:      lightli_arrival_flooded_house, glass_columns_b, item_on_display_a
D:2:      kennysheep_the_goblin_king, old_standard_altar, minmay_tromino_mix6
D:3:      minmay_joined_circles, uniq_natasha
D:5:      first_ration
D:6:      kennysheep_kobold_camp, minmay_temple_entry_grid, serial_shops,
          nicolae_shop_trees, hangedman_abyss_or_decor_lesser_grid,
          minmay_lizard_king, uniq_duvessa
D:7:      grunt_livestock
D:9:      hangedman_cross_cluster, serial_shops, shop, basic_altar
Temple:   nicolae_temple_the_god_donut

Skill      XL: |  1  2  3  4  5  6  7  8  9 10 |
---------------+-------------------------------+-----
Stealth        | 1 2 3 4 5 6 7 8 9 |  9.1
Short Blades   | 4 5 6 7 8 9 |  9.7
Dodging        | 4 7 8 |  8.0
Fighting       | |  2.1
Throwing       | |  1.7

Action                   |  1- 3 |  4- 6 |  7- 9 | 10-12 || total
-------------------------+-------+-------+-------+-------++-------
Melee: Rapier            |   124 |   237 |   490 |    30 ||   881
       Tailslap          |    14 |    30 |    94 |     7 ||   145
Invok: Sacrifice Artific |       |       |     1 |       ||     1
 Abil: Breathe Dispellin |       |       |    11 |     1 ||    12
Evoke: Wand              |       |       |     3 |       ||     3
  Use: Potion            |       |     3 |     6 |     4 ||    13
       Scroll            |       |     9 |     8 |       ||    17
 Stab: Sleeping          |     2 |     8 |    10 |     3 ||    23
       Distracted        |       |       |     2 |       ||     2
  Eat: Chunk             |     1 |     7 |    14 |       ||    22
       Ration            |       |       |     4 |       ||     4
Armor: Skin              |    41 |    70 |    93 |    18 ||   222
Dodge: Dodged            |    76 |   110 |   304 |    23 ||   513

Table legend:
 A = Spawn XP
 B = Non-spawn XP
 C = Spawn XP percentage of total XP
 D = Spawn monster count
 E = Non-spawn monster count
 F = Spawn count percentage of total count
 G = Total turns spent on level
                    A         B        C        D         E        F      G
               +---------+---------+-------+---------+---------+-------+---------
         Total |       0 |    7340 |   0.0 |       0 |     214 |   0.0 |  9088
               +---------+---------+-------+---------+---------+-------+---------
           D:1 |       0 |      37 |   0.0 |       0 |      25 |   0.0 |   608
           D:2 |       0 |     120 |   0.0 |       0 |      26 |   0.0 |   873
           D:3 |       0 |     241 |   0.0 |       0 |      37 |   0.0 |  1060
           D:4 |       0 |     410 |   0.0 |       0 |      13 |   0.0 |   924
           D:5 |       0 |     341 |   0.0 |       0 |      10 |   0.0 |  1147
           D:6 |       0 |    1609 |   0.0 |       0 |      49 |   0.0 |  1917
           D:7 |       0 |    1424 |   0.0 |       0 |      20 |   0.0 |   993
           D:8 |       0 |     851 |   0.0 |       0 |      20 |   0.0 |   817
           D:9 |       0 |    2307 |   0.0 |       0 |      14 |   0.0 |   668
               +---------+---------+-------+---------+---------+-------+---------
